 Dungeon Crawl Stone Soup version 0.18.1-6-gd335043 (webtiles) character file.

4288 Jerry the Destroyer (level 10, -2/69 HPs)
             Began as a Pale Draconian Wizard on May 16, 2016.
             Was a Believer of Vehumet.
             Slain by quinotauri's ghost (17 damage)
             ... on level 9 of the Dungeon.
             The game lasted 01:50:43 (12314 turns).

Jerry the Destroyer (Pale Draconian Wizard)        Turns: 12314, Time: 01:50:45

Health: -2/69      AC: 10    Str:  9    XL:     10   Next: 10%
Magic:  6/17       EV: 12    Int: 22    God:    Vehumet [**....]
Gold:   393        SH:  2    Dex: 10    Spells: 7 memorised, 5 levels left

rFire  + . .     SeeInvis .     q - +2 spear (venom)
rCold  x . .     Gourm    .     (armour unavailable)
rNeg   . . .     Faith    .     (no shield)
rPois  .         Spirit   .     a - +0 hat
rElec  .         Dismiss  .     l - +0 cloak
rCorr  .         Reflect  +     s - +1 pair of gloves
SustAt .         Harm     .     (no boots)
MR     .....                    B - +2 amulet of reflection
Stlth  ++........               w - ring of fire
                                i - ring of wizardry

@: repel missiles, not resistant to hostile enchantments, unstealthy
A: breathe steam, unfitting armour, cold-blooded, AC +7
a: Breathe Steam, Renounce Religion


You were on level 9 of the Dungeon.
You worshipped Vehumet.
Vehumet was pleased with you.
You were not hungry.

You visited 2 branches of the dungeon, and saw 10 of its levels.
You also visited: Sewer.

You collected 393 gold pieces.

Inventory:

Hand Weapons
 q - a +2 spear of venom (weapon)
 F - the +2 dagger of the Asp {pierce, *Corrode +Inv Int+6}
   (You found it on level 6 of the Dungeon)

   It inflicts extra damage upon your enemies.
   It affects your intelligence (+6).
   It lets you turn invisible.
   It may corrode you when you take damage.
Armour
 a - a +0 hat (worn)
 l - a +0 cloak (worn)
 s - a +1 pair of gloves (worn)
Jewellery
 e - an uncursed ring of resist corrosion
 i - a ring of wizardry (left hand)
 v - an uncursed amulet of rage
 w - a ring of fire (right hand)
 B - a +2 amulet of reflection (around neck)
 G - an uncursed ring of ice
 J - a +2 ring of strength
Wands
 t - a wand of polymorph (17/24)
 y - a wand of hasting (3/9)
Scrolls
 f - 2 scrolls of teleportation
 u - a scroll of fear
 D - a scroll of remove curse
Potions
 d - a potion of haste
 h - a potion of cancellation
 n - 2 potions of flight
 o - 9 potions of curing
 p - 4 potions of agility
 x - 2 potions of resistance
 z - 4 potions of brilliance
 A - a potion of heal wounds
 C - a potion of ambrosia {unknown}
 H - a potion of might {unknown}
 K - a potion of mutation {unknown}
Books
 b - a book of Minor Magic

   Spells                             Type                      Level
   a - Magic Dart                     Conjuration                  1
   b - Blink                          Translocation                2
   c - Call Imp                       Summoning                    2
   d - Repel Missiles                 Charms/Air                   2
   e - Slow                           Hexes                        2
   f - Conjure Flame                  Conjuration/Fire             3
   g - Mephitic Cloud                 Conjuration/Poison/Air       3
 I - a Necronomicon

   Spells                             Type                      Level
   a - Haunt                          Necromancy/Summoning         7
   b - Borgnjor's Revivification      Necromancy                   8
   c - Death's Door                   Charms/Necromancy            8
   d - Necromutation                  Transmutation/Necromancy     8
Comestibles
 c - 6 bread rations
 g - 2 slices of pizza
 j - 6 meat rations
 k - 7 fruits
 r - 4 beef jerkies
 E - a royal jelly


   Skills:
 - Level 1.7 Dodging
 - Level 1.7 Stealth
 - Level 5.0 Spellcasting
 + Level 10.6 Conjurations
 - Level 3.0 Summonings
 - Level 1.0 Translocations
 + Level 9.4 Fire Magic


You had 5 spell levels left.
You knew the following spells:

 Your Spells              Type           Power        Failure   Level  Hunger
a - Magic Dart            Conj           ####         1%          1    None
b - Call Imp              Summ           ###.....     2%          2    None
c - Blink                 Tloc           N/A          4%          2    None
d - Conjure Flame         Conj/Fire      ######..     1%          3    ##.....
e - Mephitic Cloud        Conj/Pois/Air  ###.....     4%          3    ##.....
f - Repel Missiles        Chrm/Air       #.....       7%          2    None
g - Flame Tongue          Conj/Fire      #####        1%          1    None


Dungeon Overview and Level Annotations

Branches:
Dungeon (9/15)             Temple (1/1) D:6            Lair (0/8) D:8
    Orc (0/2) D:9

Altars:
Ashenzari
Cheibriados
Dithmenos
Elyvilon
Fedhas
Gozag
Kikubaaqudgha
Makhleb
Nemelex Xobeh
Okawaru
Pakellas
Qazlal
Ru
Sif Muna
Trog
Vehumet
Xom
Yredelemnul
Zin
The Shining One

Annotations:
D:9 quinotauri's ghost, novice FoFi


Innate Abilities, Weirdness & Mutations

You can breathe blasts of scalding, opaque steam.
Your pale cyan-grey scales are hard (AC +7).
Your body does not fit into most forms of armour.
You are cold-blooded and may be slowed by cold attacks.


Message History

You hit quinotauri's ghost but do no damage.
Quinotauri's ghost is moderately damaged.
Quinotauri's ghost is engulfed in roaring flames.
Quinotauri's ghost hits you. The crimson imp closely misses you.
You hit quinotauri's ghost but do no damage.
Quinotauri's ghost is heavily damaged.
Quinotauri's ghost hits you!
The crimson imp hits you but does no damage.
You hit quinotauri's ghost but do no damage.
Quinotauri's ghost is heavily damaged.
Quinotauri's ghost is engulfed in roaring flames.
Quinotauri's ghost hits you. The crimson imp barely misses you.
You hit quinotauri's ghost but do no damage.
Quinotauri's ghost is severely damaged.
Quinotauri's ghost is engulfed in roaring flames.
Quinotauri's ghost hits you!
* * * LOW HITPOINT WARNING * * *
The crimson imp hits you but does no damage.
Quinotauri's ghost hits you!
You die...

##. #..####..#######..#
....####..# #..# #..#
..........# #..# #..#
##........# #..# #..#
#..####..# #..# #..# #.
#..####..#######..#
#.................#
#.................# .
#.@#############..#
..####5W# #..# ........#
#..# .......5# #..#
..####..#############..#
. #..5..............#
#.................. .
#..#############...
..####..# #..#


You could see quinotauri's ghost, a crimson imp and 2 friendly crimson imps.

Vanquished Creatures
  The ghost of quinotauri the Shield-Bearer, a novice FoFi (D:4)
  A komodo dragon (D:8)
  4 yaks
  A sky beast (D:8)
  2 orc warriors
  An ice beast (D:5)
  3 phantoms
  A wasp (D:8)
  4 ogres
  The ghost of jehirs the Cudgeler, an amateur DsGl (D:3)
  2 centaurs
  2 big kobolds
  2 giant frogs (D:8)
  A scorpion (D:8)
  4 wights (D:8)
  A howler monkey (D:5)
  3 crimson imps
  2 giant frog zombies
  8 hounds
  A jelly (D:7)
  3 orc wizards
  3 orc priests
  2 giant frog skeletons
  2 iguanas
  3 worker ants (D:8)
  2 hound zombies
  2 gnolls (D:2)
  4 adders
  5 river rats
  A shadow imp (D:7)
  An ooze (D:3)
  An adder zombie (D:7)
  An adder skeleton (D:5)
  2 worms
  7 giant geckos
  35 orcs
  2 giant cockroaches (D:3)
  5 goblins
  4 hobgoblins
  6 jackals
  5 quokkas
  5 ball pythons
  8 bats
  9 giant newts
  17 kobolds
  A quokka skeleton (D:5)
  20 rats
201 creatures vanquished.

Vanquished Creatures (collateral kills)
  Purgy (D:4)
  A sky beast (D:9)
  A phantom (D:4)
  A black bear (D:7)
  An ogre (D:7)
  A crocodile (D:7)
  A scorpion (D:9)
  A wight (D:8)
  2 orc priests
  A centaur skeleton (D:4)
  An orc wizard (D:4)
  A worker ant (D:5)
  A gnoll (D:2)
  6 adders
  2 river rats (Sewer)
  A shadow imp (D:5)
  An ooze (Sewer)
  2 worms
  A dart slug (D:2)
  10 orcs
  3 giant cockroaches
  A hobgoblin (D:2)
  A jackal (D:8)
  12 kobolds
  A quokka (D:5)
  4 ball pythons
  2 giant newts
  8 rats
69 creatures vanquished.

Vanquished Creatures (others)
  A plant (D:4)
1 creature vanquished.

Grand Total: 271 creatures vanquished

Notes
Turn   | Place    | Note
--------------------------------------------------------------
     0 | D:1      | Jerry the Draconian Wizard began the quest for the Orb.
     0 | D:1      | Reached XP level 1. HP: 14/14 MP: 4/4
   289 | D:1      | Reached skill level 2 in Conjurations
   289 | D:1      | Reached XP level 2. HP: 20/20 MP: 3/6
   295 | D:1      | Learned a level 2 spell: Call Imp
   298 | D:1      | Learned a level 2 spell: Blink
  1285 | D:2      | Found a sparkling altar of Nemelex Xobeh.
  1359 | D:2      | Found a blossoming altar of Fedhas.
  1404 | D:2      | Reached XP level 3. HP: 26/26 MP: 0/7
  1440 | D:2      | Reached skill level 3 in Conjurations
  1572 | D:2      | Found a white marble altar of Elyvilon.
  2076 | D:2      | Learned a level 3 spell: Conjure Flame
  2441 | D:3      | Reached XP level 4. HP: 33/33 MP: 4/8
  2621 | D:3      | Noticed jehirs's ghost (amateur DsGl)
  2688 | D:4      | Noticed Purgy
  2996 | D:4      | Killed Purgy
  2996 | D:4      | Reached skill level 4 in Conjurations
  2996 | D:4      | Reached XP level 5. HP: 12/38 MP: 2/10
  3218 | D:4      | Found a glowing drain.
  3241 | Sewer    | Entered a sewer
  4095 | Sewer    | Reached skill level 5 in Conjurations
  4095 | Sewer    | Reached XP level 6. HP: 27/45 MP: 6/12
  4370 | Sewer    | Learned a level 3 spell: Mephitic Cloud
  4373 | Sewer    | Learned a level 2 spell: Repel Missiles
  4519 | D:4      | Noticed quinotauri's ghost (novice FoFi)
  4553 | D:5      | Entered Level 5 of the Dungeon
  4611 | D:5      | Reached skill level 5 in Spellcasting
  4728 | D:5      | Your scales start taking on a pale cyan-grey colour.
  4728 | D:5      | Reached XP level 7. HP: 45/50 MP: 8/14
  4775 | D:5      | Reached skill level 6 in Conjurations
  5356 | D:3      | Killed jehirs's ghost
  5459 | D:3      | Found a glowing golden altar of the Shining One.
  5562 | D:4      | Reached skill level 1 in Fire Magic
  6031 | D:4      | Killed quinotauri's ghost
  6031 | D:4      | Reached skill level 7 in Conjurations
  6031 | D:4      | Reached XP level 8. HP: 57/57 MP: 12/15
  7261 | D:6      | Got an ancient dagger
  7403 | D:6      | Found a staircase to the Ecumenical Temple.
  7409 | Temple   | Entered the Ecumenical Temple
  7631 | Temple   | Became a worshipper of Vehumet
  7811 | D:6      | Reached skill level 8 in Conjurations
  7987 | D:6      | Noticed a moth of wrath
  7989 | D:6      | Found a bloodstained altar of Trog.
  8086 | D:6      | Reached skill level 5 in Fire Magic
  8752 | D:7      | Reached XP level 9. HP: 62/62 MP: 12/16
  8971 | D:7      | Found an opulent altar of Gozag.
  8974 | D:7      | Found an oddly glowing altar of Pakellas.
  8974 | D:7      | Found a basalt altar of Yredelemnul.
  8977 | D:7      | Found a stormy altar of Qazlal.
  9506 | D:7      | Identified the +2 dagger of the Asp {pierce, *Corrode +Inv Int+6} (You found it on level 6 of the Dungeon)
  9639 | D:8      | Noticed a komodo dragon
  9646 | D:8      | Killed a komodo dragon
  9646 | D:8      | Reached skill level 9 in Conjurations
  9714 | D:8      | Reached * piety under Vehumet
  9714 | D:8      | Offered knowledge of Shock by Vehumet.
  9759 | D:8      | Found a staircase to the Lair.
 10820 | D:9      | Noticed quinotauri's ghost (novice FoFi)
 10948 | D:9      | Reached skill level 10 in Conjurations
 11159 | D:8      | Reached ** piety under Vehumet
 11159 | D:8      | Offered knowledge of Flame Tongue by Vehumet.
 11284 | D:8      | Paralysed by a wasp for 3 turns
 11880 | D:8      | Learned a level 1 spell: Flame Tongue
 11905 | D:9      | Found a staircase to the Orcish Mines.
 11912 | D:9      | Reached XP level 10. HP: 55/69 MP: 14/17
 12314 | D:9      | Slain by quinotauri's ghost

Skill      XL: |  1  2  3  4  5  6  7  8  9 |
---------------+----------------------------+-----
Conjurations   | 2 3 4 5 7 8 10 | 10.6
Spellcasting   | 4 5 |  5.0
Summonings     | 3 |  3.0
Fire Magic     | 3 6 9 |  9.4
Dodging        | |  1.7
Stealth        | |  1.7
Translocations | |  1.0

Action                   |  1- 3 |  4- 6 |  7- 9 | 10-12 || total
-------------------------+-------+-------+-------+-------++-------
Melee: Dagger            |    13 |       |       |       ||    13
       Spear             |     7 |   163 |   691 |    61 ||   922
       Tailslap          |       |    11 |    10 |     2 ||    23
 Cast: Magic Dart        |    60 |     4 |    28 |       ||    92
       Call Imp          |     7 |    59 |    66 |    10 ||   142
       Conjure Flame     |       |       |    61 |     5 ||    66
       Repel Missiles    |       |       |     3 |       ||     3
       Mephitic Cloud    |       |       |     1 |       ||     1
       Blink             |       |       |     1 |       ||     1
       Flame Tongue      |       |       |       |     1 ||     1
 Abil: Breathe Steam     |       |       |     1 |       ||     1
  Use: Scroll            |       |       |    16 |       ||    16
       Potion            |       |       |     1 |       ||     1
 Stab: Sleeping          |     1 |     2 |     2 |       ||     5
       Distracted        |       |       |     2 |       ||     2
  Eat: Chunk             |     5 |     8 |    26 |     1 ||    40
       Fruit             |       |       |     2 |       ||     2
Armor: Skin              |     7 |    42 |    91 |    14 ||   154
Dodge: Dodged            |    17 |    92 |   135 |    24 ||   268
       Deflected         |       |       |     6 |       ||     6
Block: Other             |       |       |     7 |     3 ||    10
